 Dungeon Crawl Stone Soup version 0.16-a0-3458-g6d2551d (webtiles) character file.

270 NewYearsCrawler the Chopper (level 6, 0/47 HPs)
             Began as a Formicid Fighter on Jan 1, 2015.
             Slain by an orc
             ... wielding a +0 hand axe
              (1 damage)
             ... on level 3 of the Dungeon.
             The game lasted 00:03:50 (1533 turns).

NewYearsCrawler the Chopper (Formicid Fighter)      Turns: 1533, Time: 00:03:51

Health: 0/47       AC:  6    Str: 27    XL:     6   Next: 46%
Magic:  8/8        EV:  8    Int: 13    God:
Gold:   91         SH: 10    Dex: 10    Spells: 0 memorised, 5 levels left

rFire  + . .     SeeInvis +     a - +0 war axe
rCold  + + .     Clarity  .     b - +0 scale mail
rNeg   . . .     SustAb   .     c - +0 shield
rPois  +         Gourm    .     (helmet unavailable)
rElec  +         Spirit   .     (no cloak)
rCorr  +         Warding  .     (no gloves)
rMut   .         Stasis   +     (no boots)
MR     .....                    (no amulet)
Stlth  ..........               (no ring)
                                (no ring)

@: mighty, brilliant, resistant, starving, not resistant to hostile
enchantments, extremely unstealthy
A: permanent stasis, dig shafts and tunnels, four strong arms, antennae 3, cold
resistance 1
a: Dig, Shaft Self


You were on level 3 of the Dungeon.
You were starving.

You visited 1 branch of the dungeon, and saw 3 of its levels.

You collected 91 gold pieces.

Inventory:

Hand weapons
 a - a +0 war axe (weapon)
Missiles
 u - 6 javelins (quivered)
Armour
 b - a +0 scale mail (worn)
 c - a +0 shield (worn)
Scrolls
 h - a scroll of magic mapping {unknown}
 i - 2 scrolls of enchant armour {unknown}
 j - a scroll of amnesia {unknown}
 l - a scroll of remove curse {unknown}
 m - 3 scrolls of identify {unknown}
 n - a scroll of recharging {unknown}
 r - a scroll of blinking {unknown}
Potions
 q - a potion of brilliance
Comestibles
 d - a bread ration
 o - a beef jerky
 s - 2 meat rations


   Skills:
 - Level 3.2 Fighting
 * Level 6.3 Axes
 - Level 3.2 Armour
 - Level 3.6 Shields


You had 5 spell levels left.
You didn't know any spells.

Dungeon Overview and Level Annotations

Branches:
Dungeon (3/15)

Altars:
Vehumet


Innate Abilities, Weirdness & Mutations

You are under a permanent stasis effect.
You can dig through walls and to a lower floor.
Your four strong arms can wield two-handed weapons with a shield.
You have a pair of large antennae on your head (SInv).
Your flesh is cold resistant.


Message History

Your Axes skill gained 2 levels and is now at level 6!
You have reached level 5!
You have reached level 6!
Your experience leads to an increase in your attributes!
Your base attributes are Str 21, Int 8, Dex 10.
Increase (S)trength, (I)ntelligence, or (D)exterity?
You feel stronger.
You barely miss the orc. The orc barely misses you.
You closely miss the orc. You block the orc's attack.
You are too injured to fight recklessly!
You are too injured to fight recklessly!
You closely miss the orc. You block the orc's attack.
Drink which item? (? for menu, Esc to quit)
Okay, then.
You closely miss the orc. The orc hits you with a hand axe.
* * * LOW HITPOINT WARNING * * *
You hit the orc.
The orc is severely wounded.
The orc hits you with a hand axe.
You die...

..#####...#### .
#........<...#...
#................
.........(.o.#...
.................
...........{.##..
.........#####
.##.###..†.########....
#.....#...oo@........
.....###.######......
...... #.. { ... .....
.... . .... ..#### ..
.#. .###


You could see 2 orcs.

Vanquished Creatures
  The ghost of NewYearsCrawler the Chopper, an average FoFi (D:3)
  2 adders
  A giant mite (D:2)
  2 worms (D:2)
  2 giant geckos
  A ball python (D:2)
  4 bats
  2 giant cockroaches
  A hobgoblin (D:2)
  A quokka (D:2)
  4 giant newts
  4 goblins
  2 jackals (D:2)
  5 kobolds (D:1)
  7 rats
39 creatures vanquished.

Notes
Turn   | Place    | Note
--------------------------------------------------------------
     0 | D:1      | NewYearsCrawler, the Formicid Fighter, began the quest for the Orb.
     0 | D:1      | Reached XP level 1. HP: 18/18 MP: 1/1
    92 | D:1      | Reached XP level 2. HP: 24/24 MP: 3/3
   719 | D:2      | Reached XP level 3. HP: 29/29 MP: 4/4
  1017 | D:2      | Reached XP level 4. HP: 28/35 MP: 5/5
  1129 | D:2      | Reached skill level 4 in Axes
  1289 | D:2      | Found a radiant altar of Vehumet.
  1490 | D:3      | Noticed NewYearsCrawler's ghost (average FoFi)
  1506 | D:3      | Gained mutation: Your flesh is cold resistant. [potion of beneficial mutation]
  1525 | D:3      | HP: 1/35 [NewYearsCrawler's ghost (3)]
  1528 | D:3      | Killed NewYearsCrawler's ghost
  1528 | D:3      | Reached skill level 6 in Axes
  1528 | D:3      | Reached XP level 5. HP: 2/41 MP: 7/7
  1528 | D:3      | Reached XP level 6. HP: 2/47 MP: 8/8
  1532 | D:3      | HP: 1/47 [orc/hand axe (2)]
  1533 | D:3      | Slain by an orc

Action                   |  1- 3 |  4- 6 || total
-------------------------+-------+-------++-------
Melee: War axe           |    94 |    49 ||   143
 Abil: Dig               |       |     2 ||     2
  Use: Potion            |       |     7 ||     7
